| Goals | Penalties |
No Goal
|
No Penalty
|
1. Checkers 2 , Laurent Dauphin 13 (Nathan Walker 19, Jeremy Davies 6) at 4:29
2. Checkers 2 , Joel Kiviranta 10 (Colton White 10) at 4:58
3. Checkers 2 , Noah Juulsen 3 (Nathan Walker 20, David Rittich) at 13:56 (PP)
|
Derrick Pouliot (CHI) for High sticking (Minor) at 13:45 Sheldon Dries (SEA) for Interference (Minor) at 15:44
|
4. Silver Knights , Rafaël Harvey-Pinard 3 (Derrick Pouliot 3, Joey Anderson 7) at 12:24
5. Checkers 2 , Brett Ritchie 20 (Noah Juulsen 12, Laurent Dauphin 31) at 12:41
6. Checkers 2 , Joel Kiviranta 11 (Sheldon Dries 12) at 19:08
|
Sammy Blais (SEA) for Delaying the game (Minor) at 2:08 Derrick Pouliot (CHI) for High sticking (Minor) at 9:50 Alex Galchenyuk (SEA) for Holding Stick (Minor) at 15:13
|
|
David Rittich (SEA), 20 saves from 21 shots - (0,952), W, 27-1-1, 60:00 minutes
Clay Stevenson (CHI), 20 saves from 25 shots - (0,800), L, 10-19-3, 60:00 minutes
|
|
1 - Noah Juulsen (SEA)
2 - Joel Kiviranta (SEA)
3 - Laurent Dauphin (SEA)
|
Referees : Steve Kozari and Kevin Pollock
Linesman : Tyson Baker and Jesse Marquis
|
|
| No Game Note
|
| Team Name |
Goals |
Shots |
Shots Attemp |
Shots Blocked |
PIM |
HIT |
PP |
PK |
FO% |
| Checkers 2 |
5 | 25 | 55 | 9 | 6 | 41 | 1 / 2 (50%) | 0 | 49% |
| Silver Knights |
1 | 21 | 45 | 14 | 4 | 25 | 0 / 3 (0%) | 1 | 51% |
Checkers 2
| Player Name |
POS |
G |
A |
P |
+/- |
PIM |
HIT |
SHT |
SB |
MP |
PP MP |
PP SHT |
PK MP |
PK SHT |
FO% |
FOT |
GA |
TA |
| Alex Galchenyuk | C/LW/RW | 0 | 0 | 0 | 0 | 2 | 4 | 1 | 0 | 18:21 | 0:43 | 0 | 1:48 | 0 | 14% |
7 | 0 | 1 |
| Brett Ritchie | RW | 1 | 0 | 1 | 2 | 0 | 6 | 3 | 0 | 16:44 | 1:22 | 0 | 0:00 | 0 | 0% |
0 | 0 | 0 |
| Cale Fleury | D | 0 | 0 | 0 | 1 | 0 | 1 | 0 | 0 | 19:10 | 0:58 | 0 | 2:30 | 0 | 0% |
0 | 1 | 0 |
| Colton White | D | 0 | 1 | 1 | 2 | 0 | 2 | 0 | 1 | 24:24 | 1:35 | 0 | 3:27 | 0 | 0% |
0 | 0 | 1 |
| Hudson Fasching | RW | 0 | 0 | 0 | 0 | 0 | 2 | 1 | 0 | 7:44 | 0:00 | 0 | 0:00 | 0 | 0% |
0 | 1 | 0 |
| Jeremy Davies | D | 0 | 1 | 1 | 0 | 0 | 0 | 0 | 1 | 21:26 | 0:07 | 0 | 2:30 | 0 | 0% |
0 | 1 | 0 |
| Joel Kiviranta | LW/RW | 2 | 0 | 2 | 1 | 0 | 3 | 3 | 0 | 15:25 | 0:00 | 0 | 0:00 | 0 | 0% |
0 | 1 | 0 |
| Laurent Dauphin | C | 1 | 1 | 2 | 2 | 0 | 4 | 7 | 0 | 19:05 | 1:22 | 1 | 3:01 | 0 | 54% |
24 | 0 | 1 |
| Milan Lucic | LW/RW | 0 | 0 | 0 | 1 | 0 | 2 | 1 | 0 | 16:06 | 0:00 | 0 | 0:41 | 0 | 0% |
0 | 0 | 0 |
| Nathan Walker | LW | 0 | 2 | 2 | 2 | 0 | 2 | 4 | 0 | 22:28 | 1:23 | 0 | 0:00 | 0 | 100% |
2 | 2 | 0 |
| Noah Juulsen | D | 1 | 1 | 2 | 3 | 0 | 6 | 2 | 4 | 28:36 | 1:33 | 2 | 3:27 | 0 | 0% |
0 | 0 | 0 |
| Ondrej Kase | RW | 0 | 0 | 0 | 0 | 0 | 1 | 1 | 0 | 13:56 | 0:48 | 0 | 0:00 | 0 | 0% |
0 | 0 | 0 |
| Sammy Blais | LW/RW | 0 | 0 | 0 | 0 | 2 | 2 | 0 | 0 | 15:30 | 0:04 | 0 | 1:54 | 0 | 0% |
0 | 0 | 0 |
| Sheldon Dries | C | 0 | 1 | 1 | 1 | 2 | 4 | 2 | 0 | 18:03 | 0:48 | 0 | 1:37 | 0 | 50% |
8 | 0 | 0 |
| Victor Mete | D | 0 | 0 | 0 | 0 | 0 | 0 | 0 | 1 | 18:38 | 0:00 | 0 | 0:00 | 0 | 0% |
0 | 1 | 0 |
| Wayne Simmonds | LW/RW | 0 | 0 | 0 | 0 | 0 | 2 | 0 | 0 | 10:38 | 0:00 | 0 | 2:53 | 0 | 0% |
0 | 0 | 0 |
| Xavier Ouellet | D | 0 | 0 | 0 | 0 | 0 | 0 | 0 | 2 | 7:46 | 0:07 | 0 | 0:00 | 0 | 0% |
0 | 0 | 0 |
| Zach Aston-Reese | LW/RW | 0 | 0 | 0 | 0 | 0 | 0 | 0 | 0 | 0:00 | 0:00 | 0 | 0:00 | 0 | 0% |
0 | 0 | 0 |
Silver Knights
| Player Name |
POS |
G |
A |
P |
+/- |
PIM |
HIT |
SHT |
SB |
MP |
PP MP |
PP SHT |
PK MP |
PK SHT |
FO% |
FOT |
GA |
TA |
| Antti Tuomisto | D | 0 | 0 | 0 | -1 | 0 | 1 | 0 | 4 | 22:56 | 2:09 | 0 | 1:38 | 0 | 67% |
3 | 0 | 1 |
| Brandon Biro | LW | 0 | 0 | 0 | 0 | 0 | 0 | 0 | 1 | 12:10 | 0:07 | 0 | 0:18 | 0 | 0% |
0 | 0 | 1 |
| Derrick Pouliot | D | 0 | 1 | 1 | -2 | 4 | 4 | 1 | 1 | 26:57 | 3:27 | 0 | 0:00 | 0 | 0% |
0 | 0 | 1 |
| Drew Helleson | D | 0 | 0 | 0 | 0 | 0 | 0 | 0 | 0 | 4:47 | 0:00 | 0 | 0:00 | 0 | 0% |
0 | 0 | 0 |
| Egor Sokolov | LW | 0 | 0 | 0 | 0 | 0 | 0 | 0 | 0 | 0:00 | 0:00 | 0 | 0:00 | 0 | 0% |
0 | 0 | 0 |
| Jesse Ylönen | C/LW/RW | 0 | 0 | 0 | -1 | 0 | 3 | 6 | 2 | 21:16 | 0:22 | 0 | 0:01 | 0 | 50% |
4 | 1 | 0 |
| Joey Anderson | RW | 0 | 1 | 1 | -2 | 0 | 3 | 1 | 0 | 21:43 | 3:15 | 0 | 0:00 | 0 | 100% |
1 | 0 | 0 |
| Justin Brazeau | RW | 0 | 0 | 0 | 0 | 0 | 0 | 1 | 0 | 6:48 | 0:30 | 0 | 0:00 | 0 | 0% |
0 | 0 | 0 |
| Kirby Dach | C/RW | 0 | 0 | 0 | -2 | 0 | 1 | 2 | 0 | 25:07 | 3:13 | 1 | 1:23 | 0 | 45% |
22 | 0 | 0 |
| Lian Bichsel | D | 0 | 0 | 0 | 0 | 0 | 1 | 0 | 0 | 12:11 | 1:41 | 0 | 0:32 | 0 | 0% |
0 | 0 | 1 |
| Lucas Carlsson | D | 0 | 0 | 0 | -1 | 0 | 2 | 2 | 1 | 21:35 | 0:41 | 0 | 0:32 | 0 | 100% |
1 | 0 | 0 |
| Mitchell Chaffee | RW | 0 | 0 | 0 | 0 | 0 | 0 | 0 | 0 | 0:31 | 0:00 | 0 | 0:00 | 0 | 0% |
0 | 0 | 0 |
| Rafaël Harvey-Pinard | LW | 1 | 0 | 1 | -1 | 0 | 1 | 6 | 0 | 18:47 | 1:55 | 0 | 0:00 | 0 | 100% |
3 | 1 | 0 |
| Reese Johnson | C/RW | 0 | 0 | 0 | -1 | 0 | 2 | 0 | 0 | 22:35 | 2:38 | 0 | 0:46 | 0 | 33% |
6 | 0 | 0 |
| Roland McKeown | D | 0 | 0 | 0 | -2 | 0 | 5 | 0 | 3 | 26:32 | 3:56 | 0 | 1:38 | 0 | 0% |
0 | 1 | 1 |
| Will Cuylle | LW | 0 | 0 | 0 | 0 | 0 | 0 | 0 | 0 | 17:45 | 2:36 | 0 | 0:33 | 0 | 0% |
1 | 0 | 0 |
| Wyatt Newpower | D | 0 | 0 | 0 | 0 | 0 | 1 | 0 | 2 | 14:07 | 0:00 | 0 | 0:00 | 0 | 0% |
0 | 0 | 0 |
| Zach Benson | LW | 0 | 0 | 0 | -2 | 0 | 1 | 2 | 0 | 22:01 | 3:15 | 0 | 1:19 | 0 | 0% |
0 | 0 | 2 |
Checkers 2
| 5 vs 5 Forward |
|---|
| Line # | Left Wing | Center | Right Wing | PHY | DF | OF | Wanted % | Time % | Time Play |
| 1 | Nathan Walker | Laurent Dauphin | Brett Ritchie | 0 | 2 | 3 | 40 | 29% | 15:06
|
| 2 | Milan Lucic | Sheldon Dries | Joel Kiviranta | 0 | 2 | 3 | 30 | 31% | 15:55
|
| 3 | Ondrej Kase | Alex Galchenyuk | Sammy Blais | 0 | 3 | 2 | 20 | 25% | 13:08
|
| 4 | Wayne Simmonds | Nathan Walker | Hudson Fasching | 0 | 3 | 2 | 10 | 15% | 7:44
|
| 5 vs 5 Defense |
|---|
| Line # | Defense | Defense | | PHY | DF | OF | Wanted % | Time % | Time Play |
| 1 | Noah Juulsen | Colton White | | 0 | 3 | 2 | 50 | 39% | 20:22
|
| 2 | Cale Fleury | Noah Juulsen | | 0 | 3 | 2 | 30 | 22% | 11:29
|
| 3 | Victor Mete | Jeremy Davies | | 0 | 3 | 2 | 10 | 36% | 18:38
|
| 4 | Noah Juulsen | Cale Fleury | | 0 | 3 | 2 | 10 | 3% | 1:24
|
| Power Play Forward |
|---|
| Line # | Left Wing | Center | Right Wing | PHY | DF | OF | Wanted % | Time % | Time Play |
| 1 | Nathan Walker | Laurent Dauphin | Brett Ritchie | 0 | 2 | 3 | 60 | 63% | 1:22
|
| 2 | Ondrej Kase | Sheldon Dries | Nathan Walker | 0 | 2 | 3 | 40 | 37% | 0:48
|
| Power Play Defense |
|---|
| Line # | Defense | Defense | | PHY | DF | OF | Wanted % | Time % | Time Play |
| 1 | Noah Juulsen | Colton White | | 0 | 2 | 3 | 60 | 77% | 1:40
|
| 2 | Colton White | Cale Fleury | | 0 | 2 | 3 | 40 | 23% | 0:30
|
| Penalty Kill 4 Players Forward |
|---|
| Line # | Center | Wing | PHY | DF | OF | Wanted % | Time % | Time Play |
| 1 | Laurent Dauphin | Sammy Blais | 0 | 5 | 0 | 50 | 55% | 3:18
|
| 2 | Sheldon Dries | Wayne Simmonds | 0 | 5 | 0 | 50 | 45% | 2:39
|
| Penalty Kill 4 Players Defense |
|---|
| Line # | Defense | Defense | PHY | DF | OF | Wanted % | Time % | Time Play |
| 1 | Colton White | Noah Juulsen | 1 | 3 | 1 | 60 | 58% | 3:27
|
| 2 | Cale Fleury | Jeremy Davies | 1 | 3 | 1 | 40 | 42% | 2:30
|
| Penalty Kill 3 Players |
|---|
| Line # | Wing | PHY | DF | OF | Wanted % | Time % | Time Play | Defense | Defense | PHY | DF | OF | Wanted % | Time % | Time Play |
| 1 | Wayne Simmonds | 0 | 5 | 0 | 60 | 0% | 0:00
| Noah Juulsen | Colton White | 0 | 4 | 1 | 60 | 0% | 0:00
|
| 2 | Brett Ritchie | 0 | 5 | 0 | 40 | 0% | 0:00
| Noah Juulsen | Cale Fleury | 0 | 4 | 1 | 40 | 0% | 0:00
|
| 4 vs 4 Forward |
|---|
| Line # | Center | Wing | PHY | DF | OF | Wanted % | Time % | Time Play |
| 1 | Laurent Dauphin | Brett Ritchie | 0 | 3 | 2 | 50 | 0% | 0:00
|
| 2 | Sheldon Dries | Joel Kiviranta | 0 | 3 | 2 | 50 | 0% | 0:00
|
| 4 vs 4 Defense |
|---|
| Line # | Defense | | PHY | DF | OF | Wanted % | Time % | Time Play |
| 1 | Noah Juulsen | Colton White | 0 | 3 | 2 | 60 | 0% | 0:00
|
| 2 | Colton White | Cale Fleury | 0 | 3 | 2 | 40 | 0% | 0:00
|
| Last Minutes Offensive |
|---|
| Left Wing | Center | Right Wing | Defense | Defense |
| Nathan Walker | Laurent Dauphin | Brett Ritchie | Noah Juulsen | Colton White |
| Last Minutes Defensive |
|---|
| Left Wing | Center | Right Wing | Defense | Defense |
| Wayne Simmonds | Sheldon Dries | Joel Kiviranta | Colton White | Noah Juulsen |
| Time |
|---|
| Total Forward | Total Defense | Last Minutes Offensive | Last Minutes Defensive |
| 60:00 |
60:00 |
0:00 | 0:00 |
| Extra Forwards |
|---|
| Normal | PowerPlay | Penalty Kill |
|
Laurent Dauphin, Nathan Walker, Brett Ritchie | Laurent Dauphin, Brett Ritchie | Wayne Simmonds |
| Extra Defensemen |
|---|
| Normal | PowerPlay | Penalty Kill |
|
Noah Juulsen, Colton White, Cale Fleury | Colton White, Noah Juulsen | Colton White |
| Penalty Shots |
|---|
|
Laurent Dauphin, Joel Kiviranta, Brett Ritchie, Nathan Walker, Ondrej Kase |
| Goalie |
|---|
| David Rittich, Antti Raanta |
| Scratches |
|---|
|
Gage Quinney (Healthy), Scott Harrington (Suspend), Mikhail Maltsev (Healthy), Alex Belzile (Healthy), Nate Thompson (Healthy)
Jan Mysak (Healthy), Radim Zohorna (Healthy), Patrick Guay (Healthy), Matt Murray (Healthy), Maxime Lagace (Healthy)
Zach Sawchenko (Healthy) |
Silver Knights
| 5 vs 5 Forward |
|---|
| Line # | Left Wing | Center | Right Wing | PHY | DF | OF | Wanted % | Time % | Time Play |
| 1 | Zach Benson | Kirby Dach | Joey Anderson | 1 | 2 | 2 | 40 | 32% | 16:36
|
| 2 | Will Cuylle | Reese Johnson | Kirby Dach | 1 | 2 | 2 | 30 | 21% | 11:08
|
| 3 | Rafaël Harvey-Pinard | Jesse Ylönen | Reese Johnson | 1 | 2 | 2 | 20 | 26% | 13:17
|
| 4 | Brandon Biro | Kirby Dach | Jesse Ylönen | 1 | 2 | 2 | 10 | 21% | 10:52
|
| 5 vs 5 Defense |
|---|
| Line # | Defense | Defense | | PHY | DF | OF | Wanted % | Time % | Time Play |
| 1 | Roland McKeown | Derrick Pouliot | | 1 | 2 | 2 | 40 | 30% | 15:43
|
| 2 | Roland McKeown | Derrick Pouliot | | 1 | 2 | 2 | 30 | 18% | 9:26
|
| 3 | Lucas Carlsson | Antti Tuomisto | | 1 | 2 | 2 | 20 | 30% | 15:32
|
| 4 | Wyatt Newpower | Derrick Pouliot | | 1 | 2 | 2 | 10 | 22% | 11:12
|
| Power Play Forward |
|---|
| Line # | Left Wing | Center | Right Wing | PHY | DF | OF | Wanted % | Time % | Time Play |
| 1 | Zach Benson | Kirby Dach | Joey Anderson | 1 | 2 | 2 | 60 | 58% | 3:27
|
| 2 | Will Cuylle | Reese Johnson | Kirby Dach | 1 | 2 | 2 | 40 | 42% | 2:30
|
| Power Play Defense |
|---|
| Line # | Defense | Defense | | PHY | DF | OF | Wanted % | Time % | Time Play |
| 1 | Roland McKeown | Derrick Pouliot | | 1 | 2 | 2 | 60 | 100% | 5:57
|
| 2 | Roland McKeown | Derrick Pouliot | | 1 | 2 | 2 | 40 | 0% | 0:00
|
| Penalty Kill 4 Players Forward |
|---|
| Line # | Center | Wing | PHY | DF | OF | Wanted % | Time % | Time Play |
| 1 | Kirby Dach | Zach Benson | 1 | 2 | 2 | 60 | 88% | 1:54
|
| 2 | Reese Johnson | Will Cuylle | 1 | 2 | 2 | 40 | 12% | 0:16
|
| Penalty Kill 4 Players Defense |
|---|
| Line # | Defense | Defense | PHY | DF | OF | Wanted % | Time % | Time Play |
| 1 | Roland McKeown | Derrick Pouliot | 1 | 2 | 2 | 60 | 100% | 2:10
|
| 2 | Roland McKeown | Derrick Pouliot | 1 | 2 | 2 | 40 | 0% | 0:00
|
| Penalty Kill 3 Players |
|---|
| Line # | Wing | PHY | DF | OF | Wanted % | Time % | Time Play | Defense | Defense | PHY | DF | OF | Wanted % | Time % | Time Play |
| 1 | Kirby Dach | 1 | 2 | 2 | 60 | 0% | 0:00
| Roland McKeown | Derrick Pouliot | 1 | 2 | 2 | 60 | 0% | 0:00
|
| 2 | Reese Johnson | 1 | 2 | 2 | 40 | 0% | 0:00
| Roland McKeown | Derrick Pouliot | 1 | 2 | 2 | 40 | 0% | 0:00
|
| 4 vs 4 Forward |
|---|
| Line # | Center | Wing | PHY | DF | OF | Wanted % | Time % | Time Play |
| 1 | Kirby Dach | Zach Benson | 1 | 2 | 2 | 60 | 0% | 0:00
|
| 2 | Reese Johnson | Will Cuylle | 1 | 2 | 2 | 40 | 0% | 0:00
|
| 4 vs 4 Defense |
|---|
| Line # | Defense | | PHY | DF | OF | Wanted % | Time % | Time Play |
| 1 | Roland McKeown | Derrick Pouliot | 1 | 2 | 2 | 60 | 0% | 0:00
|
| 2 | Roland McKeown | Derrick Pouliot | 1 | 2 | 2 | 40 | 0% | 0:00
|
| Last Minutes Offensive |
|---|
| Left Wing | Center | Right Wing | Defense | Defense |
| Zach Benson | Kirby Dach | Joey Anderson | Roland McKeown | Derrick Pouliot |
| Last Minutes Defensive |
|---|
| Left Wing | Center | Right Wing | Defense | Defense |
| Zach Benson | Kirby Dach | Joey Anderson | Roland McKeown | Derrick Pouliot |
| Time |
|---|
| Total Forward | Total Defense | Last Minutes Offensive | Last Minutes Defensive |
| 60:00 |
60:00 |
0:00 | 0:00 |
| Extra Forwards |
|---|
| Normal | PowerPlay | Penalty Kill |
|
Will Cuylle, Rafaël Harvey-Pinard, Jesse Ylönen | Will Cuylle, Rafaël Harvey-Pinard | Will Cuylle |
| Extra Defensemen |
|---|
| Normal | PowerPlay | Penalty Kill |
|
Derrick Pouliot, Antti Tuomisto, Wyatt Newpower | Derrick Pouliot, Roland McKeown | Antti Tuomisto |
| Penalty Shots |
|---|
|
Joey Anderson, Kirby Dach, Reese Johnson, Zach Benson, Will Cuylle |
| Goalie |
|---|
| Clay Stevenson, Remi Poirier |
| Scratches |
|---|
|
Amadeus Lombardi (Healthy), David Reinbacher (Healthy), Frederic Brunet (Healthy), Jack Matier (Healthy), Jalen Luypen (Healthy)
Ryan Suzuki (Healthy), Scott Reedy (Healthy), Mike Hardman (Healthy), Owen Sillinger (Healthy), Emil Andrae (Healthy)
Lucas Condotta (Healthy), Marshall Rifai (Healthy), Max Crozier (Healthy), Ruslan Iskhakov (Healthy), Santtu Kinnunen (Healthy)
William Villeneuve (Healthy), Evan Cormier (Healthy), David Tendeck (Healthy), Gage Alexander (Healthy), Jaxson Stauber (Healthy)
Joe Vrbetic (Healthy), Leevi Merilainen (Healthy), Oskari Salminen (Healthy) |
Play-by-Play
1st period
0:01 of 1st period - Kirby Dach wins face-off versus Laurent Dauphin in neutral zone.
0:04 of 1st period - Nathan Walker is hit by Joey Anderson and loses puck.
0:16 of 1st period - Noah Juulsen is hit by Roland McKeown and loses puck.
0:39 of 1st period - Slapshot by Rafaël Harvey-Pinard.
0:39 of 1st period - Shot Misses the Net.
3:10 of 1st period - Antti Tuomisto is hit by Milan Lucic.
3:20 of 1st period - Roland McKeown is hit by Wayne Simmonds and loses puck.
4:01 of 1st period - Joey Anderson is hit by Joel Kiviranta and loses puck.
4:14 of 1st period - Wrist shot by Sheldon Dries.
4:14 of 1st period - Stopped by Clay Stevenson without a rebound.
4:15 of 1st period - Laurent Dauphin wins face-off versus Jesse Ylönen in Silver Knights zone.
4:20 of 1st period - Backhand shot by Nathan Walker.
4:20 of 1st period - Shot Misses the Net.
4:22 of 1st period - Slapshot by Victor Mete.
4:22 of 1st period - Deflect By Laurent Dauphin.
4:22 of 1st period - Shot Blocked by Jesse Ylönen.
4:22 of 1st period - Puck is out of play.
4:23 of 1st period - Laurent Dauphin wins face-off versus Reese Johnson in Silver Knights zone.
4:36 of 1st period - Snap shot by Brett Ritchie.
4:36 of 1st period - Shot Blocked by Wyatt Newpower.
5:00 of 1st period - Snap shot by Rafaël Harvey-Pinard.
5:00 of 1st period - Deflect By Milan Lucic.
5:00 of 1st period - Shot Misses the Net.
5:00 of 1st period - Puck is out of play.
5:01 of 1st period - Rafaël Harvey-Pinard wins face-off versus Laurent Dauphin in Checkers 2 zone.
5:04 of 1st period - Wrist shot by Rafaël Harvey-Pinard.
5:04 of 1st period - Stopped by David Rittich with a rebound.
5:14 of 1st period - Wrist shot by Brett Ritchie.
5:14 of 1st period - Stopped by Clay Stevenson with a rebound.
5:16 of 1st period - Snap shot by Nathan Walker.
5:16 of 1st period - Stopped by Clay Stevenson with a rebound.
5:34 of 1st period - Snap shot by Jesse Ylönen.
5:34 of 1st period - Stopped by David Rittich with a rebound.
5:36 of 1st period - Snap shot by Jesse Ylönen.
5:36 of 1st period - Shot Blocked by Noah Juulsen.
5:52 of 1st period - Slapshot by Joel Kiviranta.
5:52 of 1st period - Stopped by Clay Stevenson with a rebound.
6:18 of 1st period - Wrist shot by Zach Benson.
6:18 of 1st period - Shot Misses the Net.
6:20 of 1st period - Wrist shot by Rafaël Harvey-Pinard.
6:20 of 1st period - Deflect By Zach Benson.
6:20 of 1st period - Stopped by David Rittich with a rebound.
7:50 of 1st period - Snap shot by Sammy Blais.
7:50 of 1st period - Shot Misses the Net.
7:52 of 1st period - Slapshot by Cale Fleury.
7:52 of 1st period - Shot Misses the Net.
7:54 of 1st period - Snap shot by Sammy Blais.
7:54 of 1st period - Shot Blocked by Wyatt Newpower.
9:43 of 1st period - Snap shot by Noah Juulsen.
9:43 of 1st period - Shot Misses the Net.
10:10 of 1st period - Off-side.
10:11 of 1st period - Laurent Dauphin wins face-off versus Kirby Dach in neutral zone.
10:18 of 1st period - Snap shot by Laurent Dauphin.
10:18 of 1st period - Shot Misses the Net.
10:20 of 1st period - Snap shot by Nathan Walker.
10:20 of 1st period - Shot Blocked by Derrick Pouliot.
10:32 of 1st period - Kirby Dach is hit by Alex Galchenyuk.
10:36 of 1st period - Jeremy Davies is hit by Reese Johnson and loses puck.
10:47 of 1st period - Alex Galchenyuk is hit by Roland McKeown and loses puck.
11:29 of 1st period - Backhand shot by Ondrej Kase.
11:29 of 1st period - Stopped by Clay Stevenson without a rebound.
11:30 of 1st period - Rafaël Harvey-Pinard wins face-off versus Laurent Dauphin in Silver Knights zone.
11:35 of 1st period - Snap shot by Nathan Walker.
11:35 of 1st period - Stopped by Clay Stevenson with a rebound.
11:57 of 1st period - Joel Kiviranta is hit by Jesse Ylönen and loses puck.
12:02 of 1st period - Wrist shot by Jesse Ylönen.
12:02 of 1st period - Stopped by David Rittich with a rebound.
12:20 of 1st period - Backhand shot by Nathan Walker.
12:20 of 1st period - Stopped by Clay Stevenson with a rebound.
12:56 of 1st period - Antti Tuomisto is hit by Laurent Dauphin and loses puck.
13:50 of 1st period - Jesse Ylönen is hit by Cale Fleury.
13:51 of 1st period - Icing by Jesse Ylönen.
13:52 of 1st period - Nathan Walker wins face-off versus Kirby Dach in Silver Knights zone.
13:55 of 1st period - Snap shot by Nathan Walker.
13:55 of 1st period - Shot Misses the Net.
14:01 of 1st period - Snap shot by Wayne Simmonds.
14:01 of 1st period - Shot Misses the Net.
14:21 of 1st period - Snap shot by Rafaël Harvey-Pinard.
14:21 of 1st period - Stopped by David Rittich without a rebound.
14:22 of 1st period - Jesse Ylönen wins face-off versus Sheldon Dries in Checkers 2 zone.
14:23 of 1st period - Snap shot by Rafaël Harvey-Pinard.
14:23 of 1st period - Stopped by David Rittich with a rebound.
14:37 of 1st period - Jesse Ylönen is hit by Noah Juulsen and loses puck.
15:22 of 1st period - Noah Juulsen is hit by Zach Benson and loses puck.
15:39 of 1st period - Rafaël Harvey-Pinard is hit by Nathan Walker and loses puck.
16:49 of 1st period - Sammy Blais is hit by Rafaël Harvey-Pinard and loses puck.
16:56 of 1st period - Reese Johnson is hit by Sammy Blais and loses puck.
18:00 of 1st period - Antti Tuomisto is hit by Brett Ritchie and loses puck.
18:17 of 1st period - Will Cuylle is hit by Joel Kiviranta and loses puck.
18:30 of 1st period - Snap shot by Sammy Blais.
18:30 of 1st period - Shot Misses the Net.
18:48 of 1st period - Jesse Ylönen is hit by Joel Kiviranta and loses puck.
19:01 of 1st period - Zach Benson is hit by Laurent Dauphin and loses puck.
19:08 of 1st period - Lucas Carlsson is hit by Noah Juulsen and loses puck.
19:54 of 1st period - Joey Anderson is hit by Sammy Blais and loses puck.
Goals for this period are 0 for Checkers 2 vs 0 for Silver Knights.
Shots for this period are 7 for Checkers 2 vs 6 for Silver Knights.
2nd period
0:01 of 2nd period - Laurent Dauphin wins face-off versus Kirby Dach in neutral zone.
0:31 of 2nd period - Wrist shot by Joel Kiviranta.
0:31 of 2nd period - Shot Hit the Post.
0:33 of 2nd period - Slapshot by Milan Lucic.
0:33 of 2nd period - Stopped by Clay Stevenson without a rebound.
0:34 of 2nd period - Reese Johnson wins face-off versus Laurent Dauphin in Silver Knights zone.
0:34 of 2nd period - Reese Johnson is hit by Laurent Dauphin.
0:44 of 2nd period - Will Cuylle is hit by Noah Juulsen and loses puck.
1:18 of 2nd period - Snap shot by Jesse Ylönen.
1:18 of 2nd period - Shot Misses the Net.
1:34 of 2nd period - Victor Mete is hit by Joey Anderson.
1:49 of 2nd period - Wyatt Newpower is hit by Wayne Simmonds and loses puck.
3:46 of 2nd period - Icing by Alex Galchenyuk.
3:47 of 2nd period - Rafaël Harvey-Pinard wins face-off versus Alex Galchenyuk in Checkers 2 zone.
4:11 of 2nd period - Will Cuylle is hit by Sheldon Dries.
4:25 of 2nd period - Snap shot by Laurent Dauphin.
4:25 of 2nd period - Stopped by Clay Stevenson with a rebound.
4:27 of 2nd period - Wrist shot by Nathan Walker.
4:27 of 2nd period - Shot Blocked by Antti Tuomisto.
4:29 of 2nd period - Slapshot by Laurent Dauphin.
4:29 of 2nd period - Goal by Laurent Dauphin - Checkers 2 : 1 - Silver Knights : 0.
4:30 of 2nd period - Laurent Dauphin wins face-off versus Kirby Dach in neutral zone.
4:35 of 2nd period - Snap shot by Brett Ritchie.
4:35 of 2nd period - Shot Blocked by Roland McKeown.
4:37 of 2nd period - Wrist shot by Laurent Dauphin.
4:37 of 2nd period - Stopped by Clay Stevenson with a rebound.
4:58 of 2nd period - Backhand shot by Joel Kiviranta.
4:58 of 2nd period - Goal by Joel Kiviranta - Checkers 2 : 2 - Silver Knights : 0.
4:59 of 2nd period - Kirby Dach wins face-off versus Laurent Dauphin in neutral zone.
5:06 of 2nd period - Slapshot by Derrick Pouliot.
5:06 of 2nd period - Shot Hit the Post.
5:12 of 2nd period - Kirby Dach is hit by Brett Ritchie and loses puck.
5:34 of 2nd period - Reese Johnson is hit by Sheldon Dries.
6:16 of 2nd period - Rafaël Harvey-Pinard is hit by Nathan Walker and loses puck.
6:25 of 2nd period - Slapshot by Brett Ritchie.
6:25 of 2nd period - Deflect By Nathan Walker.
6:25 of 2nd period - Stopped by Clay Stevenson with a rebound.
6:59 of 2nd period - Will Cuylle is hit by Hudson Fasching and loses puck.
7:29 of 2nd period - Cale Fleury is hit by Reese Johnson and loses puck.
7:40 of 2nd period - Milan Lucic is hit by Kirby Dach and loses puck.
9:06 of 2nd period - Jesse Ylönen is hit by Milan Lucic and loses puck.
9:18 of 2nd period - Milan Lucic is hit by Antti Tuomisto and loses puck.
9:27 of 2nd period - Snap shot by Jesse Ylönen.
9:27 of 2nd period - Shot Blocked by Noah Juulsen.
9:29 of 2nd period - Snap shot by Reese Johnson.
9:29 of 2nd period - Shot Blocked by Noah Juulsen.
9:31 of 2nd period - Slapshot by Lian Bichsel.
9:31 of 2nd period - Shot Blocked by Noah Juulsen.
9:33 of 2nd period - Snap shot by Jesse Ylönen.
9:33 of 2nd period - Shot Misses the Net.
9:35 of 2nd period - Wrist shot by Jesse Ylönen.
9:35 of 2nd period - Shot Blocked by Xavier Ouellet.
9:37 of 2nd period - Snap shot by Jesse Ylönen.
9:37 of 2nd period - Stopped by David Rittich with a rebound.
9:39 of 2nd period - Slapshot by Lucas Carlsson.
9:39 of 2nd period - Deflect By Jesse Ylönen.
9:39 of 2nd period - Shot Misses the Net.
9:39 of 2nd period - Puck is out of play.
9:40 of 2nd period - Joey Anderson wins face-off versus Laurent Dauphin in Checkers 2 zone.
9:41 of 2nd period - Snap shot by Zach Benson.
9:41 of 2nd period - Shot Blocked by Colton White.
9:47 of 2nd period - Laurent Dauphin is hit by Lucas Carlsson and loses puck.
10:15 of 2nd period - Wrist shot by Zach Benson.
10:15 of 2nd period - Stopped by David Rittich with a rebound.
10:27 of 2nd period - Snap shot by Zach Benson.
10:27 of 2nd period - Shot Misses the Net.
10:29 of 2nd period - Snap shot by Zach Benson.
10:29 of 2nd period - Deflect By Joey Anderson.
10:29 of 2nd period - Stopped by David Rittich without a rebound.
10:30 of 2nd period - Antti Tuomisto wins face-off versus Sheldon Dries in Checkers 2 zone.
10:33 of 2nd period - Snap shot by Justin Brazeau.
10:33 of 2nd period - Stopped by David Rittich without a rebound.
10:34 of 2nd period - Sheldon Dries wins face-off versus Antti Tuomisto in Checkers 2 zone.
11:00 of 2nd period - Derrick Pouliot is hit by Laurent Dauphin and loses puck.
11:17 of 2nd period - Icing by Kirby Dach.
11:18 of 2nd period - Kirby Dach wins face-off versus Alex Galchenyuk in Silver Knights zone.
11:25 of 2nd period - Snap shot by Reese Johnson.
11:25 of 2nd period - Shot Misses the Net.
11:27 of 2nd period - Snap shot by Reese Johnson.
11:27 of 2nd period - Shot Misses the Net.
11:29 of 2nd period - Snap shot by Jesse Ylönen.
11:29 of 2nd period - Stopped by David Rittich without a rebound.
11:30 of 2nd period - Laurent Dauphin wins face-off versus Reese Johnson in Checkers 2 zone.
11:39 of 2nd period - Wrist shot by Reese Johnson.
11:39 of 2nd period - Shot Misses the Net.
11:41 of 2nd period - Slapshot by Antti Tuomisto.
11:41 of 2nd period - Deflect By Reese Johnson.
11:41 of 2nd period - Shot Misses the Net.
11:41 of 2nd period - Puck is out of play.
11:42 of 2nd period - Reese Johnson wins face-off versus Laurent Dauphin in Checkers 2 zone.
11:53 of 2nd period - Kirby Dach is hit by Brett Ritchie and loses puck.
12:22 of 2nd period - Jesse Ylönen is hit by Noah Juulsen and loses puck.
12:27 of 2nd period - Slapshot by Sammy Blais.
12:27 of 2nd period - Shot Blocked by Antti Tuomisto.
12:49 of 2nd period - Backhand shot by Wayne Simmonds.
12:49 of 2nd period - Shot Blocked by Antti Tuomisto.
12:51 of 2nd period - Wrist shot by Wayne Simmonds.
12:51 of 2nd period - Shot Blocked by Lucas Carlsson.
12:53 of 2nd period - Slapshot by Hudson Fasching.
12:53 of 2nd period - Stopped by Clay Stevenson with a rebound.
13:23 of 2nd period - Rafaël Harvey-Pinard is hit by Brett Ritchie and loses puck.
13:28 of 2nd period - Snap shot by Nathan Walker.
13:28 of 2nd period - Deflect By Rafaël Harvey-Pinard.
13:28 of 2nd period - Shot Misses the Net.
13:28 of 2nd period - Puck is out of play.
13:29 of 2nd period - Kirby Dach wins face-off versus Alex Galchenyuk in Silver Knights zone.
13:45 of 2nd period - Minor Penalty to Derrick Pouliot for High sticking.
13:46 of 2nd period - Laurent Dauphin wins face-off versus Kirby Dach in Silver Knights zone.
13:56 of 2nd period - Slapshot by Noah Juulsen.
13:56 of 2nd period - Goal by Noah Juulsen - Checkers 2 : 3 - Silver Knights : 0.
13:57 of 2nd period - Laurent Dauphin wins face-off versus Reese Johnson in neutral zone.
14:02 of 2nd period - Snap shot by Noah Juulsen.
14:02 of 2nd period - Shot Blocked by Roland McKeown.
14:10 of 2nd period - Colton White is hit by Roland McKeown and loses puck.
14:49 of 2nd period - Rafaël Harvey-Pinard is hit by Alex Galchenyuk and loses puck.
15:31 of 2nd period - Wrist shot by Jesse Ylönen.
15:31 of 2nd period - Stopped by David Rittich with a rebound.
15:33 of 2nd period - Snap shot by Reese Johnson.
15:33 of 2nd period - Shot Misses the Net.
15:35 of 2nd period - Slapshot by Jesse Ylönen.
15:35 of 2nd period - Shot Blocked by Victor Mete.
15:37 of 2nd period - Slapshot by Lucas Carlsson.
15:37 of 2nd period - Stopped by David Rittich with a rebound.
15:39 of 2nd period - Slapshot by Lucas Carlsson.
15:39 of 2nd period - Shot Blocked by Jeremy Davies.
15:41 of 2nd period - Slapshot by Antti Tuomisto.
15:41 of 2nd period - Deflect By Rafaël Harvey-Pinard.
15:41 of 2nd period - Stopped by David Rittich without a rebound.
15:42 of 2nd period - Sheldon Dries wins face-off versus Kirby Dach in Checkers 2 zone.
15:44 of 2nd period - Minor Penalty to Sheldon Dries for Interference.
15:45 of 2nd period - Kirby Dach wins face-off versus Alex Galchenyuk in Checkers 2 zone.
15:49 of 2nd period - Slapshot by Zach Benson.
15:49 of 2nd period - Shot Hit the Post.
16:02 of 2nd period - Off-side.
16:03 of 2nd period - Kirby Dach wins face-off versus Laurent Dauphin in neutral zone.
16:44 of 2nd period - Sammy Blais is hit by Roland McKeown and loses puck.
17:44 of 2nd period - Penalty to Sheldon Dries is over, Sheldon Dries is back on ice.
19:14 of 2nd period - Will Cuylle is hit by Alex Galchenyuk and loses puck.
19:38 of 2nd period - Brett Ritchie is hit by Lian Bichsel and loses puck.
Goals for this period are 3 for Checkers 2 vs 0 for Silver Knights.
Shots for this period are 8 for Checkers 2 vs 8 for Silver Knights.
3rd period
0:01 of 3rd period - Kirby Dach wins face-off versus Laurent Dauphin in neutral zone.
0:27 of 3rd period - Sheldon Dries is hit by Derrick Pouliot and loses puck.
1:10 of 3rd period - Rafaël Harvey-Pinard is hit by Brett Ritchie and loses puck.
1:25 of 3rd period - Cale Fleury is hit by Jesse Ylönen and loses puck.
2:08 of 3rd period - Minor Penalty to Sammy Blais for Delaying the game.
2:09 of 3rd period - Laurent Dauphin wins face-off versus Kirby Dach in Checkers 2 zone.
2:18 of 3rd period - Laurent Dauphin is hit by Joey Anderson and loses puck.
3:16 of 3rd period - Joey Anderson is hit by Noah Juulsen and loses puck.
3:29 of 3rd period - Backhand shot by Kirby Dach.
3:29 of 3rd period - Stopped by David Rittich with a rebound.
4:08 of 3rd period - Penalty to Sammy Blais is over, Sammy Blais is back on ice.
4:50 of 3rd period - Rafaël Harvey-Pinard is hit by Ondrej Kase and loses puck.
6:06 of 3rd period - Ondrej Kase is hit by Wyatt Newpower and loses puck.
6:44 of 3rd period - Justin Brazeau is hit by Sheldon Dries and loses puck.
7:32 of 3rd period - Will Cuylle is hit by Noah Juulsen and loses puck.
8:11 of 3rd period - Sheldon Dries is hit by Derrick Pouliot and loses puck.
8:32 of 3rd period - Snap shot by Nathan Walker.
8:32 of 3rd period - Shot Blocked by Brandon Biro.
8:34 of 3rd period - Wrist shot by Laurent Dauphin.
8:34 of 3rd period - Stopped by Clay Stevenson with a rebound.
8:57 of 3rd period - Wrist shot by Hudson Fasching.
8:57 of 3rd period - Shot Blocked by Antti Tuomisto.
9:13 of 3rd period - Icing by Will Cuylle.
9:14 of 3rd period - Jesse Ylönen wins face-off versus Alex Galchenyuk in Silver Knights zone.
9:23 of 3rd period - Alex Galchenyuk is hit by Jesse Ylönen and loses puck.
9:31 of 3rd period - Icing by Alex Galchenyuk.
9:32 of 3rd period - Antti Tuomisto wins face-off versus Laurent Dauphin in Checkers 2 zone.
9:35 of 3rd period - Snap shot by Rafaël Harvey-Pinard.
9:35 of 3rd period - Shot Misses the Net.
9:43 of 3rd period - Wrist shot by Laurent Dauphin.
9:43 of 3rd period - Stopped by Clay Stevenson with a rebound.
9:45 of 3rd period - Slapshot by Jeremy Davies.
9:45 of 3rd period - Shot Misses the Net.
9:47 of 3rd period - Snap shot by Victor Mete.
9:47 of 3rd period - Deflect By Laurent Dauphin.
9:47 of 3rd period - Stopped by Clay Stevenson without a rebound.
9:48 of 3rd period - Kirby Dach wins face-off versus Sheldon Dries in Silver Knights zone.
9:50 of 3rd period - Minor Penalty to Derrick Pouliot for High sticking.
9:51 of 3rd period - Kirby Dach wins face-off versus Laurent Dauphin in Silver Knights zone.
10:02 of 3rd period - Wrist shot by Laurent Dauphin.
10:02 of 3rd period - Stopped by Clay Stevenson with a rebound.
10:04 of 3rd period - Slapshot by Nathan Walker.
10:04 of 3rd period - Shot Blocked by Roland McKeown.
10:06 of 3rd period - Backhand shot by Laurent Dauphin.
10:06 of 3rd period - Shot Misses the Net.
10:08 of 3rd period - Slapshot by Noah Juulsen.
10:08 of 3rd period - Stopped by Clay Stevenson without a rebound.
10:09 of 3rd period - Laurent Dauphin wins face-off versus Kirby Dach in Silver Knights zone.
11:50 of 3rd period - Penalty to Derrick Pouliot is over, Derrick Pouliot is back on ice.
12:02 of 3rd period - Snap shot by Jesse Ylönen.
12:02 of 3rd period - Deflect By Joey Anderson.
12:02 of 3rd period - Shot Blocked by Xavier Ouellet.
12:02 of 3rd period - Puck is out of play.
12:03 of 3rd period - Alex Galchenyuk wins face-off versus Jesse Ylönen in Checkers 2 zone.
12:20 of 3rd period - Wrist shot by Rafaël Harvey-Pinard.
12:20 of 3rd period - Stopped by David Rittich with a rebound.
12:22 of 3rd period - Slapshot by Derrick Pouliot.
12:22 of 3rd period - Stopped by David Rittich with a rebound.
12:24 of 3rd period - Wrist shot by Rafaël Harvey-Pinard.
12:24 of 3rd period - Goal by Rafaël Harvey-Pinard - Checkers 2 : 3 - Silver Knights : 1.
12:25 of 3rd period - Laurent Dauphin wins face-off versus Kirby Dach in neutral zone.
12:39 of 3rd period - Wrist shot by Laurent Dauphin.
12:39 of 3rd period - Shot Misses the Net.
12:41 of 3rd period - Slapshot by Noah Juulsen.
12:41 of 3rd period - Deflect By Brett Ritchie.
12:41 of 3rd period - Goal by Brett Ritchie - Checkers 2 : 4 - Silver Knights : 1.
12:42 of 3rd period - Laurent Dauphin wins face-off versus Kirby Dach in neutral zone.
13:22 of 3rd period - Wrist shot by Sheldon Dries.
13:22 of 3rd period - Stopped by Clay Stevenson with a rebound.
13:42 of 3rd period - Lucas Carlsson is hit by Alex Galchenyuk and loses puck.
14:01 of 3rd period - Off-side.
14:02 of 3rd period - Laurent Dauphin wins face-off versus Will Cuylle in neutral zone.
14:40 of 3rd period - Wrist shot by Sheldon Dries.
14:40 of 3rd period - Shot Misses the Net.
14:58 of 3rd period - Wyatt Newpower is hit by Hudson Fasching and loses puck.
15:13 of 3rd period - Minor Penalty to Alex Galchenyuk for Holding Stick.
15:14 of 3rd period - Kirby Dach wins face-off versus Sheldon Dries in Checkers 2 zone.
15:25 of 3rd period - Sammy Blais is hit by Derrick Pouliot.
15:58 of 3rd period - Roland McKeown is hit by Colton White and loses puck.
16:21 of 3rd period - Cale Fleury is hit by Roland McKeown and loses puck.
16:32 of 3rd period - Antti Tuomisto is hit by Sheldon Dries and loses puck.
17:13 of 3rd period - Penalty to Alex Galchenyuk is over, Alex Galchenyuk is back on ice.
17:22 of 3rd period - Snap shot by Alex Galchenyuk.
17:22 of 3rd period - Deflect By Brett Ritchie.
17:22 of 3rd period - Shot Misses the Net.
17:22 of 3rd period - Puck is out of play.
17:23 of 3rd period - Lucas Carlsson wins face-off versus Alex Galchenyuk in Silver Knights zone.
17:30 of 3rd period - Alex Galchenyuk is hit by Lucas Carlsson and loses puck.
17:56 of 3rd period - Wyatt Newpower is hit by Colton White and loses puck.
18:09 of 3rd period - Snap shot by Lucas Carlsson.
18:09 of 3rd period - Stopped by David Rittich with a rebound.
18:17 of 3rd period - Slapshot by Jesse Ylönen.
18:17 of 3rd period - Stopped by David Rittich with a rebound.
18:23 of 3rd period - Wyatt Newpower is hit by Brett Ritchie and loses puck.
18:56 of 3rd period - Wrist shot by Brett Ritchie.
18:56 of 3rd period - Shot Blocked by Jesse Ylönen.
18:58 of 3rd period - Wrist shot by Nathan Walker.
18:58 of 3rd period - Shot Misses the Net.
19:00 of 3rd period - Slapshot by Victor Mete.
19:00 of 3rd period - Deflect By Brett Ritchie.
19:00 of 3rd period - Stopped by Clay Stevenson with a rebound.
19:02 of 3rd period - Slapshot by Alex Galchenyuk.
19:02 of 3rd period - Stopped by Clay Stevenson without a rebound.
19:03 of 3rd period - Sheldon Dries wins face-off versus Kirby Dach in Silver Knights zone.
19:08 of 3rd period - Slapshot by Joel Kiviranta.
19:08 of 3rd period - Goal by Joel Kiviranta - Checkers 2 : 5 - Silver Knights : 1.
19:09 of 3rd period - Sheldon Dries wins face-off versus Kirby Dach in neutral zone.
19:37 of 3rd period - Snap shot by Kirby Dach.
19:37 of 3rd period - Stopped by David Rittich without a rebound.
19:38 of 3rd period - Nathan Walker wins face-off versus Reese Johnson in Checkers 2 zone.
19:46 of 3rd period - Cale Fleury is hit by Derrick Pouliot and loses puck.
Goals for this period are 2 for Checkers 2 vs 1 for Silver Knights.
Shots for this period are 10 for Checkers 2 vs 7 for Silver Knights.